 Dungeon Crawl Stone Soup version 0.25.0-3-gd7cc5688da (webtiles) character file.

Game seed: 13622756963309746668

14 Lanoc the Slasher (level 2, -7/23 HPs)
             Began as a Vampire Chaos Knight on June 15, 2020.
             Was a Plaything of Xom.
             Mangled by Crazy Yiuf the tarantella (shapeshifter) (11 damage)
             ... on level 2 of the Dungeon.
             The game lasted 00:01:28 (520 turns).

Lanoc the Slasher (Vampire Chaos Knight)             Turns: 520, Time: 00:01:29

Health: -7/23      AC:  5    Str:  9 (11) XL:     2   Next: 27%
Magic:  2/2        EV: 12    Int: 11 (14) God:    Xom [..*...]
Gold:   77         SH:  0    Dex: 11 (13) Spells: 1/1 levels left

rFire    . . .     SeeInvis +   a - +0 falchion (chaos)
rCold    . . .     Gourm    .   (no shield)
rNeg     . . .     Faith    .   b - +2 leather armour
rPois    .         Spirit   .   (no helmet)
rElec    .         Reflect  .   h - scarf {repulsion}
rCorr    .         Harm     .   (no gloves)
MR       .....                  (no boots)
Stlth    +.........             (no amulet)
HPRegen  0.27/turn              (no ring)
MPRegen  0.08/turn              (no ring)

@: confused, regenerating quickly, repel missiles
A: no food, fangs 3, see invisible, unbreathing
a: Exsanguinate, Renounce Religion


You were on level 2 of the Dungeon.
You worshipped Xom.
You were a toy of Xom.
You were alive.

You visited 1 branch of the dungeon, and saw 2 of its levels.

You collected 77 gold pieces.

Inventory:

Hand Weapons
 a - a +0 falchion of chaos (weapon)
Armour
 b - a +2 leather armour (worn)
 h - a scarf of repulsion (worn)
Jewellery
 i - an uncursed ring of magical power
Scrolls
 g - a scroll of amnesia


   Skills:
 + Level 2.8 Fighting
 * Level 3.3 Long Blades
 + Level 1.0 Armour
 + Level 2.4 Dodging


You had one spell level left.
You didn't know any spells.
Your spell library was empty.

Dungeon Overview and Level Annotations

Branches:
Dungeon (2/15)

Altars:
Ashenzari
Dithmenos
Hepliaklqana
Okawaru
Vehumet

Annotations:
D:2 Crazy Yiuf


Innate Abilities, Weirdness & Mutations

You do not eat.
Your natural rate of healing is unusually fast.
You have razor-sharp teeth.
You have supernaturally acute eyesight. (SInv)
You can survive without breathing.


Message History

"See what I see, my child!"
You feel momentarily disoriented. Crazy Yiuf barely misses you.
Crazy Yiuf bites you but does no damage.
As you read the scroll labeled NOUWKOAREU, it crumbles to dust.
The scroll dissolves into smoke.
It was a scroll of fog.
Crazy Yiuf completely misses you.
You riposte.
You hit Crazy Yiuf. You freeze Crazy Yiuf.
Crazy Yiuf is moderately wounded.
Crazy Yiuf bites you.
* * * LOW HITPOINT WARNING * * *
You are confused.
You closely miss Crazy Yiuf.
Crazy Yiuf is moderately wounded.
Crazy Yiuf bites you.
* * * LOW HITPOINT WARNING * * *
You hit the fungus.
Nothing appears to happen.
The fungus is lightly damaged.
Crazy Yiuf bites you!
You die...
Xom cackles wildly!

#.# #######.#####.......# ** #.#
#.......#####....^#.######. #.#
##.##..#.............÷......
#.####..#.....########.>.........
.....########## #.###...###.
#.#### #.# ###.#... #.#
♣♣♣♣♣###.# #...## #.#
###**♣♣♣s♣§P#.#.# #.#.## ..##
#...#♣§§♣@P§....#####.#.#. †..#
#...).♣♣♣♣P§....##....#(.. #..###
#)..#♣♣ ♣♣§#......####... #....#
###** ♣♣##...### #...# #....#
#..######.#.# #.)#.#
#..###....... ...#.#### ###
###.###..#>.#.. .#.##.#.#####
#.###..[....##>##.. .#.#........#
#..####.##.###.....


You could see Crazy Yiuf the tarantella shaped shifter.

Vanquished Creatures
  2 worms (D:2)
  A hobgoblin (D:2)
  A ball python (D:2)
  3 frilled lizards (D:2)
  2 goblins (D:2)
  A rat (D:2)
10 creatures vanquished.

Vanquished Creatures (others)
  A rat (D:2)
1 creature vanquished.

Grand Total: 11 creatures vanquished

Notes
Turn   | Place    | Note
-------+----------+-------------------------------------------
     0 | D:1      | Lanoc the Vampire Chaos Knight began the quest for the Orb.
     0 | D:1      | Reached XP level 1. HP: 17/17 MP: 1/1
   157 | D:2      | Found a shattered altar of Ashenzari.
   158 | D:2      | Found a shadowy altar of Dithmenos.
   158 | D:2      | Found a hazy altar of Hepliaklqana.
   159 | D:2      | Found an iron altar of Okawaru.
   161 | D:2      | Found a radiant altar of Vehumet.
   241 | D:2      | Reached skill level 1 in Armour
   299 | D:2      | Reached XP level 2. HP: 18/23 MP: 2/2
   500 | D:2      | Found a runed translucent door.
   501 | D:2      | Noticed Crazy Yiuf
   505 | D:2      | XOM: divination: detect items
   506 | D:2      | Noticed Crazy Yiuf
   506 | D:2      | Crazy Yiuf changed into Crazy Yiuf the shapeshifter
   506 | D:2      | Noticed Crazy Yiuf
   506 | D:2      | Crazy Yiuf the shapeshifter changed into Crazy Yiuf the
                  | tarantella
   507 | D:2      | XOM: divination: detect creatures
   515 | D:2      | XOM: divination: magic mapping
   520 | D:2      | Mangled by Crazy Yiuf the tarantella (shapeshifter)

Illustrated notes

Levels and vault maps discovered:
D:1:      shiori_arrival_maze, layout_loops_cross, nrook_campfire,
          corexii_corridor_pit, amethyst_killhole
D:2:      layout_rooms, overflow_temple_1_default,
          chequers_temple_overflow_statue_of_worship, fiery_altar_vehumet,
          first_ration, okawaru_altar_gauntlet_db, uniq_natasha,
          uniq_crazy_yiuf_cottage

Skill      XL: |  1 |
---------------+----+-----
Armour         | 1 |  1.0
Fighting       | |  2.8
Long Blades    | |  3.3
Dodging        | |  2.4

Action                   || total
-------------------------++-------
Melee: Falchion          ||    35
       Bite              ||     5
  Use: Scroll            ||     3
       Potion            ||     3
Armor: Leather armour    ||     7
Dodge: Dodged            ||    17
       Rpst.: Falchion   ||     5
